 Dungeon Crawl Stone Soup version 0.31.0-9-g3a7656b989 (webtiles) character file.

Game seed: 10675216757106920329

42 qw the Shooter (level 3, -2/18 HPs)
             Began as a Spriggan Hunter on Feb 2, 2024.
             Killed from afar by Sigmund (7 damage)
             ... with a magic dart
             ... on level 2 of the Dungeon.
             The game lasted 00:00:02 (705 turns).

qw the Shooter (Spriggan Hunter)                     Turns: 705, Time: 00:00:03

Health: -2/18      AC:  2    Str:  7    XL:     3   Next: 33%
Magic:  4/4        EV: 19    Int: 10    God:
Gold:   85         SH:  0    Dex: 20    Spells: 2/2 levels left

rFire   + . .        a - +1 shortbow
rCold   . . .        (shield currently unavailable)
rNeg    . . .        c - +0 robe
rPois   .            (helmet restricted)
rElec   .            (no cloak)
rCorr   .            (gloves unavailable)
SInv    +            (boots unavailable)
Will    .....        (no amulet)
Stlth   ++           e - ring of protection from fire
HPRegen 0.23/turn    (no ring)
MPRegen 0.09/turn

%: no passive effects
@: very quick
A: very small, no large weapons, unfitting armour, see invisible, speed 3
a: no special abilities


You were on level 2 of the Dungeon.
You visited 1 branch of the dungeon, and saw 2 of its levels.

You collected 85 gold pieces.


Innate Abilities, Weirdness & Mutations

You are very small and have problems with some larger weapons.
You are too small for most types of armour.
You have supernaturally acute eyesight. (SInv)
You cover ground extremely quickly. (Speed+++)


   Skills:
 - Level 1.5 Fighting
 + Level 4.6 Ranged Weapons
 - Level 4.0 Dodging
 - Level 1.5 Stealth


You had 2 spell levels left.
You didn't know any spells.
Your spell library was empty.

Inventory:

Hand Weapons
 a - a +1 shortbow (weapon)
Armour
 c - a +0 robe (worn)
Jewellery
 e - a ring of protection from fire (left hand)
Potions
 d - a potion of brilliance {unknown}
 h - a potion of heal wounds {unknown}

Dungeon Overview and Level Annotations

Branches:
Dungeon (2/15)

Altars:

Annotations:
D:2 Sigmund


Message History

The goblin is heavily wounded.
You shoot an arrow. The arrow hits the goblin.
You kill the goblin!
Sigmund the Dreaded comes into view.
He is wielding a +0 scythe and wearing a +2 robe of willpower.
You shoot an arrow.
The arrow hits Sigmund but does no damage.
Sigmund shouts!
Sigmund screams, "Only death can liberate you!"
Sigmund gestures wildly while chanting.
Sigmund flickers and vanishes for a moment.
You shoot an arrow.
The arrow hits Sigmund but does no damage.
Sigmund points at you and mumbles some strange words.
The magic dart hits you.
693 ||| FLEEEEING.
You start resting.
Sigmund is nearby!
You shoot an arrow. The arrow closely misses Sigmund.
Sigmund misses you.
You shoot an arrow. The arrow hits Sigmund.
Sigmund is lightly wounded.
Sigmund gestures at you while chanting. The puff of flame hits you. You resist.
You shoot an arrow. The arrow hits Sigmund.
Sigmund is lightly wounded.
Sigmund closely misses you.
You shoot an arrow. The arrow completely misses Sigmund.
You shoot an arrow. The arrow barely misses Sigmund.
Sigmund hits you from afar with a +0 scythe.
You shoot an arrow. The arrow hits Sigmund.
Sigmund is moderately wounded.
Sigmund closely misses you.
You shoot an arrow. The arrow completely misses Sigmund.
Sigmund closely misses you.
You shoot an arrow. The arrow hits Sigmund!
Sigmund is severely wounded.
Sigmund points at you and mumbles some strange words.
The magic dart hits you!
You die...
Sigmund begins carving another notch in his scythe.

#..... #....@
#..... #.....
#..... +.....
##....@######
........@...#
##.....####.#######
#.....
#.#<....#######
#.....
#.##..........#
######
#.##..........#
#.##..........#
#.##..........#
#.##..........#
#.............#


You could see Sigmund (invisible).

Vanquished Creatures
  2 dart slugs (D:1)
  A ball python (D:1)
  A bat (D:1)
  2 endoplasms (D:1)
  3 giant cockroaches (D:1)
  7 goblins
  7 hobgoblins
  3 kobolds (D:1)
  2 quokkas (D:1)
  A rat (D:1)
29 creatures vanquished.

Notes
Turn   | Place    | Note
-------+----------+-------------------------------------------
     0 | D:1      | qw the Spriggan Hunter began the quest for the Orb.
     0 | D:1      | Reached XP level 1. HP: 10/10 MP: 2/2
     0 | D:1      | 0 ||| qw: Version: 0.3-a-155-g5e7d8dd
     0 | D:1      | 0 ||| qw: Game counter: 2044
     0 | D:1      | 0 ||| qw: Melee chars always use a shield: true
     0 | D:1      | 0 ||| qw: God list: Okawaru
     0 | D:1      | 0 ||| qw: Allow faded altars: false
     0 | D:1      | 0 ||| qw: Do Orc after clearing Dungeon:15 true
     0 | D:1      | 0 ||| qw: Do second Lair branch before Depths: true
     0 | D:1      | 0 ||| qw: Lair rune preference: random
     0 | D:1      | 0 ||| qw: Goals: Normal
     0 | D:1      | 0 ||| PLANNING D:1-11
    39 | D:1      | Reached skill level 3 in Dodging
   106 | D:1      | Reached XP level 2. HP: 14/14 MP: 3/3
   554 | D:1      | Reached XP level 3. HP: 18/18 MP: 4/4
   573 | D:1      | 573 ||| UPGRADING to ring of protection from fire.
   574 | D:1      | 574 ||| READING scroll labelled QYBLEI XEAPP.
   577 | D:1      | 577 ||| READING scroll labelled QIC OWNEIR.
   577 | D:1      | 577 ||| ENCHANTING +0 shortbow.
   578 | D:1      | 578 ||| READING scroll labelled WITAWI LIARUISH.
   613 | D:1      | 613 ||| DROPPING scroll of butterflies.
   690 | D:2      | Noticed Sigmund
   693 | D:2      | 693 ||| FLEEEEING.
   705 | D:2      | Killed from afar by Sigmund

Levels and vault maps discovered:
D:1:      lordsloth_arrival_two_stooges, layout_loops_ring
D:2:      kennysheep_the_goblin_king, layout_basic,
          chequers_ecumenical_altar_twisty, serial_bayou_pond_d, uniq_sigmund,
          uniq_crazy_yiuf_cottage

Skill      XL: |  1  2 |
---------------+-------+-----
Dodging        | 3 4 |  4.0
Fighting       | |  1.5
Ranged Weapons | |  4.6
Stealth        | |  1.5

Action                     || total
---------------------------++-------
   Fire: Shortbow          ||    73
    Use: Scroll            ||     3
 Armour: Robe              ||     5
  Dodge: Dodged            ||    15

Table legend:
 A = Non-vault XP
 B = Vault XP
 C = Vault XP percentage of total XP
 D = Non-vault monster count
 E = Vault monster count
 F = Vault count percentage of total count
                 A         B        C        D         E       F
            +---------+---------+-------+---------+---------+-------
      Total |      46 |      14 |  23.3 |      22 |       7 |  24.1
            +---------+---------+-------+---------+---------+-------
        D:1 |      44 |       0 |   0.0 |      21 |       0 |   0.0
        D:2 |       2 |      14 |  87.5 |       1 |       7 |  87.5
            +---------+---------+-------+---------+---------+-------
